Map: Redshift LE

Players

PopeDiedLol - Winner!

  • Race: Protoss Protoss
  • League: Silver
  • Spawn Location: 7:00

FlameRecon

  • Race: Terran Terran
  • League: Silver
  • Spawn Location: 11:00

VOD

Have the link to the VOD?

Description

Time

  • Played on: June 23, 2018, 8:14 p.m.
  • Length: 13:39
Show
View Real Time Build Order
Export as new Build Order

PopeDiedLol Protoss - Winner!

Build Orders: Cannon Rush 

Get SALT Encoding   

  12  0:01  Probe  
  13  0:13  Pylon  
  13  0:14  Probe  
  14  0:22  Probe  
  15  0:35  Forge  
  15  0:39  Probe  
  16  0:51  Probe  
  17  0:57  Pylon  
  17  1:03  Pylon  
  17  1:07  Probe  
  18  1:19  Assimilator  
  18  1:25  Photon Cannon  
  18  1:27  Photon Cannon  
  18  1:39  Probe  
  19  1:44  Photon Cannon  
  19  1:48  Pylon  
  19  1:54  Pylon  
  19  2:00  Pylon  
  19  2:14  Photon Cannon  
  19  2:20  Photon Cannon  
  19  2:31  Photon Cannon  
  19  2:45  Photon Cannon  
  19  2:51  Photon Cannon  
  19  2:56  Pylon  
  19  2:57  Probe  
  19  3:05  Probe  
  21  3:14  Photon Cannon  
  21  3:19  Pylon  
  21  3:25  Pylon  
  21  3:39  Photon Cannon  
  21  3:45  Photon Cannon  
  21  3:54  Photon Cannon, Probe  
  21  4:16  Nexus  
  21  4:18  Probe  
  22  4:26  Probe  
  23  4:34  Probe  
  24  4:42  Probe  
  24  4:49  Assimilator  
  25  4:53  Pylon, Probe  
  26  5:04  Gateway x2  
  26  5:07  Probe  
  27  5:15  Probe  
  28  5:23  Protoss Ground Weapons Level 1  
  28  5:24  Probe  
  28  5:25  Probe  
  28  5:32  Probe  
  28  5:37  Probe  
  30  5:42  Probe  
  30  5:49  Probe  
  32  5:54  Forge  
  32  5:55  Forge, Probe  
  33  6:01  Cybernetics Core  
  33  6:02  Probe  
  33  6:07  Probe  
  33  6:10  Probe  
  36  6:18  Probe  
  36  6:19  Probe  
  38  6:30  Probe  
  38  6:31  Probe  
  40  6:43  Probe  
  40  6:46  Assimilator  
  41  6:48  Assimilator  
  41  6:55  Nexus, Probe  
  41  7:01  Photon Cannon  
  42  7:06  Pylon  
  42  7:07  Probe  
  43  7:17  Probe  
  43  7:18  Nexus  
  43  7:19  Probe  
  43  7:20  Assimilator  
  45  7:24  Assimilator  
  46  7:30  Probe  
  46  7:31  Probe  
  47  7:43  Probe  
  48  7:46  Protoss Ground Armor Level 1  
  48  7:48  Warp Gate  
  48  7:50  Nexus  
  48  7:52  Probe, Assimilator  
  48  7:53  Protoss Shields Level 1  
  48  7:55  Probe  
  48  7:56  Assimilator  
  50  8:04  Probe  
  51  8:14  Twilight Council  
  51  8:15  Probe  
  51  8:16  Stargate  
  52  8:23  Probe  
  52  8:25  Robotics Facility  
  52  8:31  Probe  
  53  8:34  Assimilator  
  53  8:38  Assimilator  
  54  8:42  Probe  
  55  8:50  Probe  
  55  8:54  Probe  
  57  8:58  Probe  
  58  9:08  Probe  
  59  9:18  Probe  
  59  9:21  Gateway  
  60  9:25  Gateway  
  60  9:26  Probe  
  61  9:32  Pylon  
  61  9:34  Pylon, Probe  
  61  9:36  Pylon, Shield Battery, Protoss Ground Weapons Level 2  
  61  9:37  Protoss Ground Armor Level 2  
  62  9:38  Pylon  
  62  9:39  Pylon x2  
  62  9:41  Pylon x2  
  62  9:42  Photon Cannon  
  62  9:43  Pylon, Photon Cannon  
  62  9:44  Protoss Shields Level 2  
  62  9:46  Probe  
  63  9:55  Protoss Air Weapons Level 1  
  63  9:59  Probe  
  64  10:07  Gateway  
  64  10:08  Gateway  
  64  10:09  Gateway  
  64  10:10  Warp Prism  
  64  10:11  Probe  
  64  10:13  Gateway  
  66  10:19  Probe  
  66  10:21  Pylon  
  67  10:23  Pylon  
  68  10:31  Pylon  
  68  10:33  Pylon  
  68  10:34  Pylon  
  68  10:36  Pylon  
  68  10:38  Pylon  
  68  10:39  Pylon  
  66  10:50  Photon Cannon  
  66  10:51  Photon Cannon  
  66  10:52  Photon Cannon  
  66  10:54  Photon Cannon  
  66  10:55  Photon Cannon  
  66  10:57  Probe  
  66  11:01  Pylon  
  66  11:04  Pylon  
  67  11:05  Probe  
  67  11:08  Probe  
  69  11:15  Probe  
  69  11:17  Warp Prism  
  72  11:20  Probe  
  73  11:27  Probe  
  73  11:29  Stalker x4  
  73  11:30  Stalker x3  
  89  11:32  Probe  
  89  11:39  Probe  
  90  11:40  Stalker  
  90  11:45  Probe  
  93  11:57  Probe, Stalker  
  93  11:58  Stalker x3  
  93  11:59  Stalker x3  
  102  12:21  Stalker x3  
  102  12:22  Stalker x5  
  116  12:28  Probe  
  117  12:38  Nexus  
  117  12:40  Assimilator, Probe  
  117  12:42  Assimilator  
  116  12:46  Pylon  
  116  12:49  Pylon  
  114  12:52  Pylon, Probe  
  115  13:00  Photon Cannon  
  115  13:01  Photon Cannon  
  115  13:04  Photon Cannon  
  111  13:05  Photon Cannon  
  111  13:06  Photon Cannon  
  111  13:08  Photon Cannon, Stalker  
  111  13:09  Stalker x2  
  111  13:12  Stalker x2  
  117  13:13  Stalker x3  
  123  13:27  Pylon  
  123  13:28  Pylon  
  123  13:30  Pylon  
  123  13:31  Pylon  
Show
View Real Time Build Order
Export as new Build Order

FlameRecon Terran 

Build Orders:  

Get SALT Encoding   

  12  0:00  SCV  
  13  0:13  SCV  
  14  0:23  Supply Depot  
  14  0:26  SCV  
  15  0:35  Refinery  
  15  0:45  SCV  
  15  0:46  Barracks  
  16  0:57  SCV  
  16  1:03  Supply Depot  
  17  1:09  SCV  
  18  1:21  SCV  
  19  1:31  Barracks  
  19  1:33  SCV  
  19  1:38  Marine  
  21  1:56  Marine  
  21  2:06  Orbital Command  
  21  2:13  Marine, Factory  
  22  2:31  Marine  
  23  2:43  SCV  
  24  2:49  Marine  
  24  2:55  SCV  
  24  2:57  Factory  
  24  2:58  Factory Tech Lab  
  21  3:07  Marine, SCV  
  16  3:17  Siege Tank  
  16  3:22  Orbital Command  
  7  4:04  SCV  
  7  4:16  SCV  
  8  4:28  SCV  
  9  4:40  SCV  
  11  4:52  SCV  
  11  5:05  SCV  
  12  5:17  SCV  
  13  5:29  SCV  
  14  5:41  SCV  
  15  5:53  SCV  
  16  6:05  SCV  
  17  6:12  Refinery  
  17  6:17  SCV  
  18  6:29  SCV  
  19  6:36  Refinery  
  19  6:41  SCV  
  20  6:52  Barracks  
  20  6:53  SCV  
  21  7:05  SCV  
  22  7:18  SCV  
  23  7:26  Factory Tech Lab  
  23  7:39  Command Center  
  23  7:40  Starport  
  23  7:47  Supply Depot  
  23  7:48  Supply Depot  
  23  7:57  Barracks Reactor  
  23  8:09  SCV  
  23  8:12  Supply Depot  
  24  8:13  Supply Depot  
  24  8:21  SCV  
  24  8:25  Starport Tech Lab  
  25  8:33  SCV  
  26  8:42  Marine x2  
  28  8:49  Bunker  
  28  8:50  SCV  
  29  9:00  Medivac, Marine x2  
  29  9:02  SCV  
  34  9:14  Engineering Bay, SCV  
  35  9:18  Marine x2  
  35  9:19  Bunker  
  37  9:36  Marine x2  
  39  9:42  Armory  
  39  9:51  Orbital Command  
  39  9:53  Marine  
  39  9:54  Marine  
  41  10:11  Marine x2  
  41  10:13  Sensor Tower  
  43  10:19  SCV  
  44  10:29  Marine x2  
  44  10:31  SCV  
  47  10:43  SCV  
  47  10:47  Marine x2  
  50  11:11  Orbital Command  
  50  11:12  Liberator  
  53  11:26  Siege Tank  
  36  12:24  Marine x2  
  38  12:41  Marine  
  38  12:42  Factory Tech Lab, Marine  
  38  12:59  Marine x2  
  38  13:02  Barracks  
  38  13:04  Barracks  
  36  13:17  Marine x2  
Tags
 
Add a new tag
Caveats
  • Supply blocks, unpowered buildings, or Contaminate may cause inaccurate times.
  • Supply counts are checked every 10 seconds.